[Event "Charlotte IM-C May 2022"]
[Site "Charlotte"]
[Date "2022.05.05"]
[Round "1.1"]
[White "Wang, Tianqi"]
[Black "Martin Del Campo Cardenas, Roberto Abel"]
[Result "1-0"]
[ECO "B08"]
[WhiteElo "2331"]
[BlackElo "2263"]
[Annotator "TA"]
[PlyCount "101"]
[EventDate "2022.05.04"]
[EventType "tourn"]
[EventCountry "USA"]
[SourceTitle "playchess.com"]
[Source "ChessBase"]
[SourceQuality "1"]
[TimeControl "5400+30"]

1. d4 Nf6 2. Nf3 g6 3. Nc3 Bg7 4. e4 d6 5. Be2 a6 6. O-O O-O 7. Re1 b5 {[%emt 0:06:05] B08: Pirc Defence: Classical System.} (7... Nc6 $11) 8. e5 $16 Ne8 (8... dxe5 $14 {deserves consideration.} 9. Nxe5 (9. dxe5 Nfd7 $14) 9... Bb7) 9. Bf4 {[%emt 0:13:15] [#]} ({Better is} 9. a4 $16) 9... Nc6 $146 {[%emt 0:04:38] White is slightly better.} ({Predecessor:} 9... Bb7 10. e6 b4 11. Nb1 f5 12. c3 a5 13. Qb3 Nf6 14. cxb4 axb4 15. Qxb4 Bd5 {0-1 (34) Efimenko,Z (2635)-Firman,N (2489) Alushta 2007}) 10. h3 b4 11. Ne4 f5 (11... Rb8 $16) 12. exf6 (12. Ned2 $18) 12... Nxf6 13. Ng3 (13. Nxf6+ $142 Rxf6 14. Qd2) 13... e6 14. Bf1 Nd5 15. Bg5 Qd7 16. Ne4 h6 17. Bd2 Qf7 18. c3 bxc3 19. bxc3 Nf4 20. Bxf4 Qxf4 21. Ned2 Bd7 22. Bc4 d5 23. Bb3 g5 24. Re3 Na5 25. Ba4 c6 (25... Bc8 $142) 26. Qe2 Rab8 27. Qxa6 Ra8 28. Qe2 Nb7 29. Bc2 c5 30. Qd3 (30. Nb3 $18 {has better winning chances.}) 30... Qf5 31. Qxf5 exf5 32. Rb1 Bc8 (32... cxd4 $142 33. cxd4 (33. Nxd4 Nc5 $14) 33... Nd6) 33. Re7 g4 34. Ne5 {[%emt 0:01:18] 0x0.002205870f78dp-1022s more active pieces.} ({White should play} 34. hxg4 $16 {And now Rb6 would win.} fxg4 35. Ne5) 34... Rxa2 $2 {[%emt 0:00:05] [#]} (34... Bxe5 $14 35. Rxe5 (35. dxe5 Rxa2 36. Rc1 Rf7 $11) 35... Rxa2) 35. Bb3 $1 $18 Rxd2 36. Bxd5+ Kh7 37. Bxb7 cxd4 38. Bxc8 Rxc8 {[%emt 0:00:02] [#]} 39. Rbb7 $1 $36 {[%emt 0:00:06][%mdl 2048] White is in control.} ({Stronger than} 39. hxg4 dxc3 40. Rbb7 (40. gxf5 $2 c2 $19) 40... Rg8 41. gxf5 c2 $11) 39... Rg8 40. cxd4 {[%emt 0:00:39] Nc4 is the strong threat.} ({Much worse is} 40. hxg4 $6 dxc3 41. gxf5 c2 $11) 40... Rxd4 {[%emt 0:00:45] [#]} 41. h4 $1 h5 $2 {[%emt 0:00:47] A mistake that costs the game.} (41... Re4 $16 42. h5 Re2) 42. Rf7 Kh6 (42... f4 {was worth a try.} 43. Rf5 Rd6) 43. Rb6+ {[%emt 0:00:31] White is clearly winning.} Kh7 44. Rxf5 Re8 45. Rxh5+ Kg8 46. Rg6 Rd1+ 47. Kh2 Rd5 {[%emt 0:00:25] [#]} (47... Re1 $142 48. Nxg4 R8e7) 48. Rhg5 $1 Re7 (48... g3+ 49. Kxg3) 49. Nxg4 (49. Nc6 $142 Red7 50. Rxd5 Rxd5 51. Ne7+ Kf8 52. Nxd5 g3+ 53. Rxg3) 49... Rd4 (49... Rxg5 $142 50. Rxg5 Kh7) 50. Nh6+ Kh7 51. Nf5 {[%emt 0:00:09][%csl LRd4,LRe7,LRg7] Weighted Error Value: White=0.23 (precise) /Black=0.36} 1-0

[Event "Charlotte IM-C May 2022"]
[Site "Charlotte"]
[Date "2022.05.04"]
[Round "1.2"]
[White "Andrianov, Nikolai"]
[Black "Johnson, Donald"]
[Result "1/2-1/2"]
[WhiteElo "2317"]
[BlackElo "2102"]
[Annotator "TA"]
[PlyCount "32"]
[EventDate "2022.05.04"]
[EventType "tourn"]
[EventCountry "USA"]
[SourceTitle "playchess.com"]
[Source "ChessBase"]
[SourceQuality "1"]
[TimeControl "5400+30"]

1. d4 Nf6 2. Nf3 g6 3. g3 Bg7 4. Bg2 O-O 5. c4 c6 6. O-O d5 7. cxd5 cxd5 8. Ne5 Ne4 9. Nc3 {[%emt 0:00:17] [#] Not much happened in this game. D79: Fianchetto Grünfeld: Symmetrical Variation (6 0-0 c6 7 cxd5 cxd5).} {Predecessor:} Nxc3 $146 10. bxc3 Nc6 11. Nxc6 bxc6 12. Qa4 Qb6 13. Ba3 Qa6 14. Qxa6 Bxa6 15. Rfe1 Rfe8 16. e3 Bf8 {½-½ (16) Sunilduth Lyna,N (2658)-Xiong,J (2686) Chess.com INT 2022} 1/2-1/2

[Event "Charlotte IM-C May 2022"]
[Site "Charlotte"]
[Date "2022.05.05"]
[Round "1.3"]
[White "King, Alexander"]
[Black "Zapata, Alonso"]
[Result "1/2-1/2"]
[ECO "D02"]
[WhiteElo "2283"]
[BlackElo "2367"]
[Annotator "TA"]
[PlyCount "78"]
[EventDate "2022.05.04"]
[EventType "tourn"]
[EventCountry "USA"]
[SourceTitle "playchess.com"]
[Source "ChessBase"]
[SourceQuality "1"]
[TimeControl "5400+30"]

1. Nf3 c5 2. c3 Nf6 3. d4 e6 4. Bf4 Nc6 5. e3 d5 6. Nbd2 Be7 7. h3 O-O 8. Bd3 b6 9. Qe2 {[%emt 0:04:35] D02: 1 d4 d5 2 Nf3 sidelines, including 2...Nf6 3 g3 and 2...Nf6 3 Bf4.} Bb7 10. Rd1 Qc8 11. O-O Rd8 12. Rfe1 {[%emt 0:02:48] [#]} a5 $146 ({Predecessor:} 12... g6 13. a3 Nh5 14. Bh2 c4 15. Bc2 f5 16. Ne5 Nxe5 17. Bxe5 Bd6 18. g4 Ng7 {1-0 (32) Sliwa,B-Szapiel,H Krakow 1953}) 13. dxc5 bxc5 14. e4 Ba6 (14... a4 {is more complex.} 15. a3 Ba6 16. c4 dxc4 17. Nxc4 Qb7) 15. Bxa6 (15. exd5 {looks sharper.} Nxd5 16. Bxa6 Qxa6 17. Qe4) 15... Qxa6 16. exd5 exd5 17. Qxa6 Rxa6 18. Nf1 h6 19. Ne3 a4 20. Ne5 Na5 21. N5g4 Nxg4 22. hxg4 ({Don't play} 22. Nxd5 {[#]} Rxd5 $1 23. Rxd5 Nf6 $15) 22... d4 23. Bc7 {[%emt 0:17:05] Threatens to win with Nf5.} Rd7 {[%emt 0:00:56] The position is equal.} 24. Bxa5 Rxa5 25. Nc4 Ra6 26. Ne5 Rd8 27. Nd3 {[%emt 0:01:43] [#]} c4 $1 {[%emt 0:07:37][%cal Od4c3] Strongly threatening ...dxc3!} 28. Ne5 (28. Rxe7 dxc3) 28... dxc3 {[%emt 0:03:50] White must now prevent ...Rxd1.} 29. bxc3 Rxd1 30. Rxd1 $11 {[%emt 0:00:05][%mdl 4096] Endgame KRB-KRN} Bf6 31. Nd7 Bxc3 {[%emt 0:03:05] Hoping for ...Rc6.} 32. Rc1 Bb4 33. Rxc4 Bd6 34. Rc8+ Kh7 35. Nf8+ Bxf8 36. Rxf8 Rf6 37. g3 Rf3 38. Kg2 Ra3 39. Rxf7 Rxa2 {[%emt 0:00:44] An interesting draw.  Weighted Error Value: White=0.05 (flawless) /Black=0.06 (flawless)} 1/2-1/2

[Event "Charlotte IM-C May 2022"]
[Site "Charlotte"]
[Date "2022.05.05"]
[Round "1.4"]
[White "Andrews, Todd"]
[Black "Canty, James"]
[Result "1/2-1/2"]
[ECO "B33"]
[WhiteElo "2209"]
[BlackElo "2225"]
[Annotator "TA"]
[PlyCount "42"]
[EventDate "2022.05.04"]
[EventType "tourn"]
[EventCountry "USA"]
[SourceTitle "playchess.com"]
[Source "ChessBase"]
[SourceQuality "1"]
[TimeControl "5400+30"]

1. e4 c5 2. Nf3 Nc6 3. d4 cxd4 4. Nxd4 Nf6 5. Nc3 h5 6. Be2 {[%emt 0:00:36] White is more active. B33: Sicilian: Pelikan and Sveshnikov Variations.} e5 7. Ndb5 {[%emt 0:00:58] Strongly threatening Bg5.} d6 8. Bg5 {[%emt 0:08:25] [#] Nd5 is the strong threat. White is slightly better.} a6 9. Na3 {[%emt 0:00:06] [#]} Be6 $146 ({Predecessor:} 9... Be7 10. Bxf6 Bxf6 11. Nc4 Nd4 12. Nd5 Be6 13. Ncb6 Bxd5 14. Nxd5 g6 15. c3 Nc6 {0-1 (32) Kopylov,D (2150)-Kille,T (2360) Playchess.com INT 2021}) 10. O-O Nd4 11. Nd5 Bxd5 (11... Nxe2+ {keeps more tension.} 12. Qxe2 Bxd5 13. Bxf6 Qxf6 14. exd5 Be7) 12. exd5 Nxe2+ 13. Qxe2 Be7 14. Bxf6 Bxf6 15. c4 g6 16. f4 O-O {[%emt 0:00:00] Hoping for ...exf4.} 17. f5 Kg7 18. Rad1 Qb6+ 19. Kh1 e4 20. Nc2 (20. b3 $11) 20... Rae8 (20... Qxb2 $15 21. fxg6 fxg6) 21. b3 Qa5 {[%emt 0:00:00] Weighted Error Value: White=0.14 (very precise) /Black=0.11 (very precise)} 1/2-1/2

[Event "Charlotte IM-C May 2022"]
[Site "Charlotte"]
[Date "2022.05.05"]
[Round "1.5"]
[White "Fawole, John Oyeyemi"]
[Black "Rorrer, Grayson"]
[Result "0-1"]
[ECO "B92"]
[WhiteElo "2118"]
[BlackElo "2204"]
[Annotator "TA"]
[PlyCount "116"]
[EventDate "2022.05.04"]
[EventType "tourn"]
[EventCountry "USA"]
[SourceTitle "playchess.com"]
[Source "ChessBase"]
[SourceQuality "1"]
[TimeControl "5400+30"]

1. e4 c5 2. Nf3 d6 3. d4 cxd4 4. Nxd4 Nf6 5. Nc3 a6 6. Be2 e5 7. Nb3 Be7 8. O-O O-O 9. Be3 Be6 10. a4 Nbd7 11. a5 Rc8 12. f3 Qc7 {[%emt 0:01:49] B92: Sicilian Najdorf: 6 Be2.} 13. Rf2 Qc6 14. Bf1 d5 {[%emt 0:01:25] Black is slightly better.} 15. exd5 Nxd5 16. Nxd5 Bxd5 17. Rd2 Nf6 18. Bb6 Be6 19. Bd3 {[%emt 0:02:34] [#]} Nd7 $146 ({Predecessor:} 19... e4 20. Nd4 Bc5 21. Bxc5 Qxc5 22. Bxe4 Bd5 23. Bf5 Rce8 24. c3 Re5 25. Bd3 Nh5 {1-0 (49) Kiss,K (2113)-Haszon,D (2022) Miskolc 2008}) 20. Be4 Qb5 21. Be3 Nf6 {[%emt 0:07:18] Prevents Bd5.} 22. Bd3 Qb4 23. Re2 e4 24. fxe4 {[%emt 0:01:12] aiming for Bd2.} Nxe4 {[%emt 0:02:15] Black is more active.} (24... Ng4 $17 {and life is bright.} 25. Kh1 Rfd8) 25. Bxe4 (25. Nd4 $1 $16 Nf6 26. c3 (26. Nxe6 fxe6 27. c3 Qg4 $14)) 25... Qxe4 $11 26. Bg5 Qb4 27. Bxe7 Qxe7 28. Nd4 Qc5 {[%emt 0:02:28] Strongly threatening ...Bg4.} 29. Qd2 Rfd8 30. c3 h6 31. Re3 Bf5 32. b4 Qc4 33. Rf1 Bg6 34. Rfe1 Kh7 35. g4 Rd5 36. Rf1 Rcd8 37. Rf4 Qc7 38. Qf2 Re5 (38... b6 $1 $17 39. axb6 Qxb6) 39. h4 (39. Rff3 $11) 39... Rxe3 40. Qxe3 {[%emt 0:00:13] [#]} Re8 $1 41. Qf3 (41. Qd2 Re1+) 41... Qe5 (41... Kg8 $17 {[%cal Og6d3] Threatens to win with ...Bd3!} 42. Qg3 Re1+ $1 43. Kf2 Rd1) 42. Qf2 h5 43. gxh5 Qxh5 {[%emt 0:00:11] Hoping for ...Qd1+.} 44. Kg2 $2 {[%emt 0:07:54] [#] This move loses the game for White.} (44. Qf3 $15) 44... Qd1 $1 $19 45. Qf3 Qd2+ 46. Qf2 Qd3 47. h5 Be4+ ({Not} 47... Bxh5 48. Qh4 Re5 49. Qg3) 48. Kh2 Re5 {[%emt 0:00:14] And now ...Rg5 would win.} ({Don't take} 48... Qxc3 {[#]} 49. Rxe4 $1 Rxe4 50. Qf5+ Kg8 51. Qxe4 $16) 49. Rh4 $2 (49. Qe2 {is more resistant.} Qxe2+ 50. Nxe2) 49... Rg5 50. Rh3 $2 (50. h6 gxh6 51. Qxf7+ Rg7 52. Qf2) 50... Qd1 51. Nf3 Rf5 52. Kg2 Qd3 {[%emt 0:00:29] Against Qe3. ( -> ...Rxf3)} 53. Rg3 Qxc3 {[%emt 0:00:18] Black mates.} 54. Qe2 Bxf3+ 55. Rxf3 Qxf3+ 56. Qxf3 Rxf3 57. Kxf3 Kh6 58. Kg4 g6 {[%emt 0:00:08] Weighted Error Value: White=0.55/Black=0.19 (very precise)} 0-1

[Event "Charlotte IM-C May 2022"]
[Site "Charlotte"]
[Date "2022.05.05"]
[Round "2.1"]
[White "Martin Del Campo Cardenas, Roberto Abel"]
[Black "Rorrer, Grayson"]
[Result "1/2-1/2"]
[ECO "B51"]
[WhiteElo "2263"]
[BlackElo "2204"]
[Annotator "TA"]
[PlyCount "114"]
[EventDate "2022.05.04"]
[EventType "tourn"]
[EventCountry "USA"]
[SourceTitle "playchess.com"]
[Source "ChessBase"]
[SourceQuality "1"]
[TimeControl "5400+30"]

1. e4 c5 2. Nf3 d6 3. Bb5+ Nd7 4. d4 cxd4 5. Qxd4 a6 6. Bxd7+ Bxd7 7. c4 {[%emt 0:00:10] 7.Nc3 injects fresh life into this line. B51: Sicilian: Moscow Variation (3 Bb5+) without 3...Bd7.} Nf6 8. Bg5 e6 9. Nc3 Be7 10. O-O Qc7 11. Rac1 O-O (11... h6 $5 12. Be3 e5 $11) 12. Rfd1 {[%emt 0:00:22] Strongly threatening Bxf6.} Rfd8 13. b3 Be8 14. h3 Rac8 {[%emt 0:02:25] [#]} (14... h6 $5 15. Be3 Rac8 $11) 15. Nh2 $146 ({Predecessor:} 15. Be3 Bc6 16. Nd5 exd5 17. cxd5 Qa5 18. dxc6 Rxc6 19. Rxc6 bxc6 20. Qa7 Re8 21. Nd4 Qxa2 22. Nxc6 {½-½ (53) Bozinovic,B (2163)-Genser,H (2285) Hartberg 2004}) 15... Qa5 16. Qd2 $36 {[%emt 0:04:36][%cal Oc3d5][%mdl 2048] Black is under pressure.} h6 {[%emt 0:16:26] [#]} (16... Qc7 $11 {remains equal.}) 17. Nd5 $1 $16 Qxd2 18. Nxe7+ Kf8 19. Bxd2 (19. Rxd2 Kxe7 20. Bxf6+ Kxf6 $11) 19... Kxe7 20. Ba5 Rd7 21. f3 Rc6 22. Nf1 b5 (22... Nh5 $16) 23. Ne3 (23. Bb4 $18) 23... bxc4 24. Nxc4 Rb7 {[%emt 0:04:34] Prevents Bb4.} 25. Bc3 Rb5 26. Bb2 d5 27. Ne3 (27. Ba3+ $16 Kd8 28. Bf8) 27... Rxc1 $14 28. Bxc1 {[%emt 0:00:01] And now Ba3+ would win.} Bc6 29. Ba3+ Ke8 $1 30. Rc1 Kd7 (30... d4 $2 31. Rxc6 dxe3 32. Rxa6 $18) 31. e5 Ne8 (31... Nh5 $14) 32. Bf8 h5 33. Nc2 Rb8 34. Nd4 Bb7 35. Kf2 f6 (35... a5 $142) 36. f4 {[%emt 0:00:00] White is much more active.} ({White should play} 36. Re1) 36... fxe5 $16 37. fxe5 {[%emt 0:00:00] Kg1 is the strong threat.} Nf6 38. exf6 (38. Bxg7 $16 Ne4+ 39. Kg1) 38... Rxf8 $11 {[%emt 0:00:23] The position is equal.} 39. Rc7+ $1 Kxc7 40. Nxe6+ Kd6 41. Nxf8 gxf6 {[%emt 0:00:04][%mdl 4096] Endgame KB-KN} 42. Ng6 d4 43. Nf4 Ke5 44. Nxh5 d3 $1 45. g4 {[%emt 0:03:46] aiming for Ke3.} Kd4 46. Ng3 $1 ({Wrong is} 46. Nxf6 $2 d2 47. Kg3 d1=Q $19) (46. Ke1 Ke3 47. Kd1 Bf3+ 48. Kc1 d2+ 49. Kb2 d1=Q 50. Nxf6 Qd4+ 51. Kb1 Qc3 52. g5 Kd3 53. a3 Qxb3+ 54. Ka1 Kc2 55. Nh7 Qxa3#) 46... d2 47. Nf5+ $1 ({Avoid the trap} 47. Ke2 $2 Kc3 48. Nf5 {[#]} Bf3+ $1 49. Kxf3 d1=Q+ $19) 47... Kc3 (47... Kd3 $5 48. Ne3 Bc8 $11) 48. Ne3 Be4 49. h4 f5 50. gxf5 Bxf5 {[%emt 0:00:01][%cal Of5g4] Threatens to win with ...Bg4!} 51. h5 Bh7 52. h6 Bg6 53. Kf3 Kb2 54. Nc4+ Kc1 55. Ne3 Kb2 56. Nc4+ Kc1 57. Ne3 {[%emt 0:00:00] Hoping for b4.} Kb2 {[%emt 0:00:06] Weighted Error Value: White=0.12 (very precise) /Black=0.12 (very precise)} 1/2-1/2

[Event "Charlotte IM-C May 2022"]
[Site "Charlotte"]
[Date "2022.05.05"]
[Round "2.2"]
[White "Canty, James"]
[Black "Fawole, John Oyeyemi"]
[Result "1-0"]
[ECO "B99"]
[WhiteElo "2225"]
[BlackElo "2118"]
[Annotator "TA"]
[PlyCount "55"]
[EventDate "2022.05.04"]
[EventType "tourn"]
[EventCountry "USA"]
[SourceTitle "playchess.com"]
[Source "ChessBase"]
[SourceQuality "1"]
[TimeControl "5400+30"]

1. e4 c5 2. Nf3 d6 3. d4 cxd4 4. Nxd4 Nf6 5. Nc3 a6 6. Bg5 e6 7. f4 Be7 8. Qf3 Qc7 9. O-O-O Nbd7 10. g4 b5 11. Bxf6 Nxf6 12. g5 Nd7 13. Bh3 {[%emt 0:06:02][%cal Oh3e6] Black must now prevent Bxe6!} Nb6 {[%emt 0:03:27] B99: Sicilian Najdorf: 6 Bg5 e6 7 f4 Be7 8 Qf3 Qc7 9 0-0-0 Nbd7.} (13... b4 $5 14. Nce2 Bb7 $11) 14. Rhg1 b4 $1 15. Nce2 {[%emt 0:01:26] [#]} d5 $146 {[%emt 0:03:22] [#]} (15... g6 $11) ({Predecessor:} 15... e5 16. Nf5 Bxf5 17. exf5 Rc8 18. Qd3 f6 19. Kb1 a5 20. Ng3 Qc4 21. Nh5 O-O 22. Qxc4+ Nxc4 23. gxf6 Bxf6 24. Nxg7 {1-0 (48) Nilsson,Z-Vely Tel Aviv 1964}) 16. exd5 $1 $16 exd5 17. f5 {[%emt 0:00:09] Strongly threatening f6.} g6 18. Nf4 {[%emt 0:07:03] aiming for f6.} O-O 19. Nh5 {[%emt 0:01:31] White is more active.} Bc5 $2 (19... gxh5 $11 20. Qxh5 Kh8) 20. Nf6+ $18 {[%emt 0:00:20] Pair of Knights!} Kg7 21. Qg4 {[%emt 0:00:37] Qh4 is the strong threat.} Be7 22. Qh4 h5 {[%emt 0:01:13] [#]} 23. Nxh5+ $1 gxh5 24. f6+ Kg6 25. Bf1 {[%emt 0:00:50] White mates.} Bf5 26. Nxf5 Kxf5 27. Qh3+ Ke4 28. Qd3+ {[%emt 0:00:20] Weighted Error Value: White=0.10 (very precise) /Black=1.13} 1-0

[Event "Charlotte IM-C May 2022"]
[Site "Charlotte"]
[Date "2022.05.05"]
[Round "2.3"]
[White "Zapata, Alonso"]
[Black "Andrews, Todd"]
[Result "0-1"]
[ECO "C06"]
[WhiteElo "2367"]
[BlackElo "2209"]
[Annotator "TA"]
[PlyCount "81"]
[EventDate "2022.05.04"]
[EventType "tourn"]
[EventCountry "USA"]
[SourceTitle "playchess.com"]
[Source "ChessBase"]
[SourceQuality "1"]
[TimeControl "5400+30"]

1. e4 e6 2. d4 d5 3. Nd2 Nf6 4. e5 Nfd7 5. c3 c5 6. Ndf3 Nc6 7. Bd3 cxd4 8. cxd4 f6 9. exf6 Nxf6 10. Ne2 Qc7 11. O-O Bd6 12. Nc3 a6 13. Bg5 O-O 14. Rc1 h6 {[%emt 0:12:29] is the legacy move (14...Bd7). C06: French Tarrasch: 3...Nf6 4 e5 Nfd7 5 Bd3 main lines.} 15. Bh4 Bf4 16. Rc2 Qf7 {[%emt 0:06:03] [#] White is slightly better.} 17. Ne2 $146 ({Predecessor:} 17. Bxf6 Qxf6 18. Re2 Bd7 19. Bb1 g5 20. Qd3 Qg7 21. Ne5 Bxe5 22. dxe5 Rf7 23. Nxd5 Nxe5 {½-½ (47) Heinrich,L (1952)-Braun,T (2062) Bayern 2019}) 17... Bb8 18. Bg3 Bd7 19. Rc3 Ne4 20. Bxe4 dxe4 21. Nd2 e5 22. dxe5 Bxe5 {[%emt 0:00:00] [#]} ({Better is} 22... Nxe5 $14 23. Nxe4 Bc6) 23. Bxe5 $2 (23. Rxc6 $1 $16 {[%mdl 512] Hoping for Rb6.} Bxc6 24. Bxe5) 23... Nxe5 $11 24. Nxe4 Bc6 25. Qb1 Rad8 $1 ({Resist} 25... Qg6 26. N2g3 $14) 26. N2g3 Qf4 (26... Bb5 $11) 27. f3 $16 Qh4 28. Qc2 Kh8 29. Rc5 (29. Rc1 $16) 29... Nd3 $11 30. Rh5 Qf4 {[%emt 0:00:00] And now ...Bxe4 would win.} 31. h3 Qe3+ 32. Kh2 Bxe4 33. Nxe4 Rc8 34. Qb3 Qe2 $1 35. Ng3 Qc2 {[%emt 0:01:25] White must now prevent ...Nf4.} 36. Kg1 $2 {[%emt 0:01:47] [#] Loses the game.} (36. Qb6 $11 {and White has nothing to worry.}) 36... Nf4 $1 $19 {[%emt 0:01:09][%csl Gf4][%cal Rc2g2] Black is clearly better.} 37. Qxc2 Rxc2 38. Rf5 Rxg2+ 39. Kh1 Rxf5 40. Nxf5 Rxb2 41. Rd1 {[%emt 0:02:06] Weighted Error Value: White=0.28 (precise) /Black=0.13 (very precise)} (41. Rg1 $142) 0-1

[Event "Charlotte IM-C May 2022"]
[Site "Charlotte"]
[Date "2022.05.05"]
[Round "2.4"]
[White "Johnson, Donald"]
[Black "King, Alexander"]
[Result "0-1"]
[ECO "B62"]
[WhiteElo "2102"]
[BlackElo "2283"]
[Annotator "TA"]
[PlyCount "60"]
[EventDate "2022.05.04"]
[EventType "tourn"]
[EventCountry "USA"]
[SourceTitle "playchess.com"]
[Source "ChessBase"]
[SourceQuality "1"]
[TimeControl "5400+30"]

1. e4 c5 2. Nf3 d6 3. d4 cxd4 4. Nxd4 Nf6 5. Nc3 Nc6 6. Bg5 e6 7. Qd3 Be7 {[%emt 0:01:58] Recently 7...Bd7 got a lot of attention.} 8. O-O-O O-O 9. f4 {[%emt 0:00:46] B62: Sicilian: Richter-Rauzer: 6...e6: Unusual White 7th moves.} Qb6 {[%emt 0:08:23] [#]} 10. Nb3 $146 ({Predecessor:} 10. Qb5 Qc7 11. e5 a6 12. Qe2 Nxd4 13. Rxd4 dxe5 14. Rc4 Qd8 15. fxe5 Nd5 16. Bxe7 Nxe7 {½-½ (49) Mosadeghpour,M (2474)-Draskovic,L (2484) Ayvalik 2022}) 10... a5 11. Nd2 {[%emt 1:28:20] The position is equal.} Rd8 (11... Qc5 $11 {remains equal.}) 12. Nc4 $16 Qc5 13. Na4 Qf2 {[%emt 0:00:00] ...b5 is the strong threat.} 14. Ne3 (14. Qf3 {is more appropriate.} Qxf3 15. gxf3) 14... h6 $11 15. Bxf6 Bxf6 16. g3 $1 Nb4 17. Qe2 Qxe2 18. Bxe2 Nxa2+ (18... b5 $11 19. Nb6 (19. Bxb5 Nxa2+ 20. Kb1 Rb8 $11) 19... Rb8 20. Nxc8 Rdxc8) 19. Kb1 $16 {[%emt 0:00:00] Threatens to win with Nb6.} Nb4 $1 20. Nb6 Rb8 21. Nec4 (21. c3 $14 Nc6 22. Rd2) 21... d5 $11 {[%emt 0:00:00] [#]} 22. exd5 (22. c3 $1 $11) 22... exd5 $17 23. Nxa5 {[%emt 0:00:00] White does not recover from this.} (23. Ne3 $17) 23... Bf5 $19 24. Rd2 Rd6 25. Na4 (25. Nac4 Re6 26. Nd7 dxc4 27. Nxb8 Nxc2 28. Bg4 Na3+ 29. Ka2 Bxg4 30. Kxa3 Re3+ 31. Ka4 b5+ 32. Kxb5 Rb3+ 33. Kxc4 Rxb8 34. b4) 25... Ra8 26. Nxb7 {[%emt 0:00:51] [#]} Rxa4 $1 27. Nxd6 {[%emt 0:00:18] [#]} Ra2 $1 28. Nxf5 (28. Bh5 $19 Rxb2+ 29. Kc1 Bxc2 30. Bxf7+ Kf8 31. Re2 Na2+ 32. Kd2 Be4+ 33. Ke1 Rb1+ 34. Kd2 Rb2+ 35. Ke3 Rb3+ 36. Kf2 Bd4+ 37. Ke1 Rb1+ 38. Kd2 Rb2+ 39. Ke1 Rb1+ 40. Kd2 Rb2+ 41. Ke1 Rb1+) 28... Rxb2+ {[%emt 0:00:10] Black mates.} 29. Ka1 Ra2+ 30. Kb1 Ra1# {[%emt 0:00:33] Weighted Error Value: White=0.68/Black=0.12 (very precise)} 0-1

[Event "Charlotte IM-C May 2022"]
[Site "Charlotte"]
[Date "2022.05.05"]
[Round "2.5"]
[White "Wang, Tianqi"]
[Black "Andrianov, Nikolai"]
[Result "1/2-1/2"]
[ECO "A30"]
[WhiteElo "2331"]
[BlackElo "2317"]
[Annotator "TA"]
[PlyCount "39"]
[EventDate "2022.05.04"]
[EventType "tourn"]
[EventCountry "USA"]
[SourceTitle "playchess.com"]
[Source "ChessBase"]
[SourceQuality "1"]
[TimeControl "5400+30"]

1. Nf3 Nf6 2. c4 c5 3. b3 g6 4. Bb2 Bg7 5. e3 O-O 6. Qc2 Nc6 7. a3 d6 {[%emt 0:08:58] A30: Symmetrical English: Double Fianchetto and Hedgehog.} 8. Be2 e5 9. d3 {[%emt 0:00:06] Inhibits e4.} a6 10. Nc3 Rb8 11. O-O b5 {[%emt 0:01:41] [#]} 12. Ne4 $146 ({Predecessor:} 12. cxb5 axb5 13. Ne4 Nxe4 14. dxe4 Qb6 15. Rfd1 Rd8 16. Rac1 Bb7 17. h3 Bf8 18. Nd2 {½-½ (67) Szabados,K (2103)-Vranic,L (2185) Subotica 2017}) 12... bxc4 13. bxc4 Nxe4 14. dxe4 f5 15. Bc3 f4 16. Rab1 fxe3 17. fxe3 Bh6 (17... Rxb1 $15 {was preferrable.} 18. Rxb1 Qc7) 18. Qd3 $11 {[%emt 0:00:14] [#] Hoping for Qd5+. The position is equal.} Be6 {[%emt 0:00:59] Prevents Qd5.} 19. Rxb8 Qxb8 20. Nd2 {[%emt 0:03:18] Weighted Error Value: White=0.12 (very precise) /Black=0.11 (very precise)} ({White should try} 20. Rb1 $11 Qc7 21. Rd1) 1/2-1/2

[Event "Charlotte IM-C May 2022"]
[Site "Charlotte"]
[Date "2022.05.06"]
[Round "3.2"]
[White "King, Alexander"]
[Black "Wang, Tianqi"]
[Result "1/2-1/2"]
[ECO "E54"]
[WhiteElo "2283"]
[BlackElo "2331"]
[Annotator "TA"]
[PlyCount "87"]
[EventDate "2022.05.04"]
[EventType "tourn"]
[EventCountry "USA"]
[SourceTitle "playchess.com"]
[Source "ChessBase"]
[SourceQuality "1"]
[TimeControl "5400+30"]

1. d4 Nf6 2. c4 e6 3. Nc3 Bb4 4. e3 O-O 5. Bd3 d5 6. Nf3 dxc4 7. Bxc4 c5 8. O-O cxd4 9. exd4 b6 10. Bg5 Bb7 11. Re1 Nbd7 12. Rc1 Rc8 13. Qb3 Bxc3 {[%emt 0:00:40] 13...Be7 is vanishing. E54: Nimzo-Indian: Rubinstein: Main Line: 7...dxc4 8 Bxc4.} 14. Rxc3 Bd5 (14... h6 $5 15. Bh4 a6 $11) 15. Bxd5 Rxc3 16. Qxc3 exd5 {[%emt 0:13:20] [#]} 17. Ne5 $146 {[%emt 0:04:49] White is much more active.} ({Predecessor:} 17. Rc1 h6 18. Bxf6 Nxf6 19. Qc7 Re8 20. Kf1 Qe7 21. Qxe7 Rxe7 22. Rc8+ Kh7 23. h4 {½-½ (54) Lobron,E (2500)-Hunt,H (2406) Stockholm 2003}) 17... Re8 18. h3 h6 19. Bxf6 Nxf6 20. Rc1 Nd7 21. Nf3 Nf8 22. Qc7 Qxc7 23. Rxc7 $11 {[%emt 0:00:15][%mdl 4096] Endgame KRN-KRN} Re2 24. Rxa7 Rxb2 25. Ra8 f6 {[%emt 0:07:31] Inhibits Ne5.} 26. Nh4 {[%emt 0:01:50] [#] Hoping for Ng6.} Kf7 {[%emt 0:00:19] Prevents Ng6.} 27. Nf5 ({Better is} 27. Ra7+ $16 Ke6 28. Rxg7) 27... Ne6 28. Ra7+ Kf8 $1 29. a4 Rb4 30. a5 bxa5 31. Rxa5 Nxd4 32. Ra8+ Kf7 33. Ra7+ Kf8 34. Nxg7 Rb6 35. Rd7 Rb1+ 36. Kh2 Rb2 $1 {[%emt 0:00:03] The position is equal.} 37. Nh5 Rxf2 38. Rxd5 Nc2 39. Rd8+ Ke7 40. Rg8 Ne3 41. Rg7+ Kf8 42. Rg6 Kf7 43. Rg7+ Kf8 44. Rg6 {[%emt 0:01:04][%csl LRf6,LRh6] Weighted Error Value: White=0.09 (flawless) /Black=0.05 (flawless)} 1/2-1/2